 Dungeon Crawl Stone Soup version 0.25.0-46-gbd7b0854d2 (webtiles) character file.

Game seed: 17120298822436057233

676 messenoire the Cudgeler (level 7, -5/44 HPs)
             Began as a Gargoyle Fighter on July 15, 2020.
             Was a Follower of Okawaru.
             Slain by Pikel
             ... wielding a +1 whip of flaming
              (11 damage)
             ... on level 4 of the Dungeon.
             The game lasted 00:22:18 (4565 turns).

messenoire the Cudgeler (Gargoyle Fighter)          Turns: 4565, Time: 00:22:19

Health: -5/44      AC:  0    Str: 21    XL:     7   Next: 60%
Magic:  7/7        EV: 17    Int:  9    God:    Okawaru [*.....]
Gold:   288        SH:  0    Dex: 14    Spells: 6/6 levels left

rFire    . . .     SeeInvis .   (weapon currently unavailable)
rCold    . . .     Gourm    .   (shield currently unavailable)
rNeg     + . .     Faith    .   (armour currently unavailable)
rPois    ∞         Spirit   .   (helmet currently unavailable)
rElec    .         Reflect  .   (cloak currently unavailable)
rCorr    .         Harm     .   (gloves currently unavailable)
MR       .....                  (boots currently unavailable)
Stlth    +.........             (no amulet)
HPRegen  0.14/turn              (ring currently unavailable)
MPRegen  0.10/turn              (ring currently unavailable)

@: bat-form, flying, very quick
A: tiny, negative energy resistance 1, petrification resistance, rot immunity,
AC +4
a: Heroism, Renounce Religion


You were on level 4 of the Dungeon.
You worshipped Okawaru.
Okawaru was aware of your devotion.
You were not hungry.
You were in bat-form.
You visited 1 branch of the dungeon, and saw 4 of its levels.

You collected 288 gold pieces.

Inventory:

Hand Weapons
 a - a +1 flail (melded)
Missiles
 d - 14 poisoned darts (quivered)
 e - 220 stones
 q - 4 boomerangs
Armour
 b - a +0 scale mail (melded)
 c - a +0 kite shield (melded)
Jewellery
 j - a ring of positive energy (melded)
 o - an uncursed ring of fire
Scrolls
 h - 3 scrolls of remove curse
 k - 4 scrolls of identify
 m - a scroll of fear {unknown}
 n - a scroll of enchant weapon
 p - a scroll of teleportation {unknown}
 r - a scroll of amnesia {unknown}
 t - a scroll of blinking {unknown}
Potions
 g - 3 potions of lignification
 i - a potion of degeneration {unknown}
 s - a potion of berserk rage {unknown}
Comestibles
 f - 5 rations
 l - 13 chunks of flesh


   Skills:
 + Level 5.3 Fighting
 * Level 6.0 Maces & Flails
 - Level 3.2 Armour
 + Level 5.5 Shields


You had 6 spell levels left.
You didn't know any spells.
Your spell library was empty.

Dungeon Overview and Level Annotations

Branches:
Dungeon (4/15)
 Temple: D:4-7

Altars:
Okawaru
Ru

Annotations:
D:4 Pikel


Innate Abilities, Weirdness & Mutations

You are resistant to torment.
((Your stone body is resilient. (AC +4)))
You are immune to poison.
You resist negative energy. (rN+)
((You are resistant to electric shocks. (rElec)))
((You can survive without breathing.))
You are immune to petrification.
You are immune to rotting.


Message History

Your ring of positive energy melds into your body.
The slave hits you! x2
You see here a +0 club.
You hit Pikel.
Pikel is lightly wounded.
Pikel closely misses you. The slave closely misses you.
You hit Pikel.
Pikel is moderately wounded.
The slave hits you. The orc barely misses you. Pikel closely misses you.
The slave misses you. The slave hits you.
You hit Pikel.
Pikel is moderately wounded.
The slave hits you.
* * * LOW HITPOINT WARNING * * *
The orc hits you with a +0 hand axe.
* * * LOW HITPOINT WARNING * * *
The slave hits you.
* * * LOW HITPOINT WARNING * * *
Pikel hits you with a +1 whip of flaming!
You die...

# ............... #..# #
....%............ ..# #
#...................# #
##................#.####
..............>...#.##..
##...............##.#..#
.....pKp.....<..........
.......bp...............
......op.)..............
≈≈≈≈≈≈≈≈.≈≈≈.......≈..≈≈
≈≈≈≈≈≈≈≈≈≈≈≈≈...(.≈≈≈≈≈≈
≈≈≈≈≈≈≈≈≈≈≈≈≈≈....≈≈≈≈≈≈
≈≈≈≈≈≈≈≈≈≈≈≈≈≈.....≈≈≈≈≈ #####
################''####### ....##
##.....#)......#.)(.#.....
.....###......')......#..))#.....


You could see Pikel, 4 slaves and an orc.

Vanquished Creatures
  An ogre (D:4)
  A big kobold (D:4)
  2 orc priests (D:3)
  An orc wizard (D:4)
  2 hounds (D:4)
  Jessica (D:2)
  12 gnolls
  5 adders
  An ooze (D:1)
  5 worms
  A dart slug (D:1)
  6 leopard geckos
  9 orcs
  A ball python (D:1)
  15 bats
  4 giant cockroaches
  32 goblins
  26 hobgoblins
  2 jackals (D:1)
  20 kobolds
  A quokka (D:2)
  6 frilled lizards
  7 rats
  A bush (D:3)
162 creatures vanquished.

Vanquished Creatures (others)
  2 plants (D:3)
2 creatures vanquished.

Grand Total: 164 creatures vanquished

Notes
Turn   | Place    | Note
-------+----------+-------------------------------------------
     0 | D:1      | messenoire the Gargoyle Fighter began the quest for the
                  | Orb.
     0 | D:1      | Reached XP level 1. HP: 14/14 MP: 1/1
   131 | D:1      | Reached XP level 2. HP: 19/19 MP: 2/2
   390 | D:1      | Reached XP level 3. HP: 18/23 MP: 3/3
   781 | D:1      | Reached skill level 3 in Maces & Flails
  1306 | D:2      | Reached XP level 4. HP: 27/29 MP: 4/4
  1326 | D:2      | Noticed Jessica
  1330 | D:2      | Found an iron altar of Okawaru.
  1371 | D:2      | Killed Jessica
  1563 | D:2      | Became a worshipper of Warmaster Okawaru
  1728 | D:2      | Reached XP level 5. HP: 33/33 MP: 5/5
  1796 | D:2      | Found a sacrificial altar of Ru.
  2226 | D:3      | Reached skill level 4 in Maces & Flails
  2707 | D:3      | Reached XP level 6. HP: 35/39 MP: 6/6
  3506 | D:4      | Reached skill level 5 in Maces & Flails
  3628 | D:4      | Reached skill level 5 in Fighting
  3628 | D:4      | Reached skill level 5 in Shields
  3628 | D:4      | Reached XP level 7. HP: 44/44 MP: 7/7
  4153 | D:4      | Reached * piety under Okawaru
  4389 | D:4      | Reached skill level 6 in Maces & Flails
  4557 | D:4      | Noticed Pikel
  4565 | D:4      | Slain by Pikel

Illustrated notes

Levels and vault maps discovered:
D:1:      dpeg_arrival_round_a, layout_rooms, nrook_campfire,
          palyth_stone_intersect, minivault_27
D:2:      layout_rooms, old_standard_altar, nicolae_ru_awakened_eye,
          uniq_jessica
D:3:      layout_loops_ring, serial_forest, infiniplex_forest_end_3,
          infiniplex_forest_clump_long, infiniplex_forest_lined_2,
          infiniplex_forest_clump_long, infiniplex_forest_clump_small,
          infiniplex_forest_lined_3, infiniplex_forest_clump_small
D:4:      minmay_goblin_kobold_castle, layout_rooms, minmay_cupped, uniq_pikel

Skill      XL: |  1  2  3  4  5  6  7 |
---------------+----------------------+-----
Maces & Flails | 3 4 5 6 |  6.0
Fighting       | 4 5 |  5.3
Shields        | 4 5 |  5.5
Armour         | |  3.2

Action                   |  1- 3 |  4- 6 |  7- 9 || total
-------------------------+-------+-------+-------++-------
Melee: Flail             |   172 |   246 |   173 ||   591
       Unarmed           |       |       |     3 ||     3
Throw: Stone             |    16 |       |       ||    16
  Use: Scroll            |       |     5 |       ||     5
       Potion            |       |     1 |     3 ||     4
  Eat: Chunk             |     2 |     8 |     3 ||    13
Armor: Scale mail        |   103 |    92 |   126 ||   321
Dodge: Dodged            |    46 |    58 |    80 ||   184
Block: Kite shield       |   111 |   133 |   124 ||   368
